 Dungeon Crawl Stone Soup version 0.32-a0-30-gefbe487952 (webtiles) character file.

Game seed: 5078110846248647218

2039 LeprechaunX the Changeling (level 9, 0/53 HPs)
             Began as an Octopode Shapeshifter on Jan 19, 2024.
             Was a Priest of Hepliaklqana.
             Killed from afar by an electric eel (16 damage)
             ... with a bolt of electricity
             ... on level 6 of the Dungeon.
             The game lasted 00:08:22 (5630 turns).

LeprechaunX the Changeling (Octopode Shapeshifter)  Turns: 5630, Time: 00:08:23

Health: 0/53       AC:  1    Str: 15    XL:     9   Next: 24%
Magic:  12/12      EV: 14    Int: 13    God:    Hepliaklqana [***...]
Gold:   319        SH:  5    Dex: 13    Spells: 8/8 levels left

rFire   . .          .
                       - Unarmed
rCold   . . .        v - +0 buckler
rNeg    . . .        (helmet currently unavailable)
rPois   .            (no amulet)
rElec   .            s - ring of flight
rCorr   .            (no ring)
SInv    .            (no ring)
Will    .....        (no ring)
Stlth   ++           (no ring)
HPRegen 0.28/turn    (no ring)
MPRegen 0.13/turn    (no ring)
                     (no ring)

%: no passive effects
@: beast-form, flying
A: beast (slay +3), reduced essence, almost no armour, amphibious, 8 rings,
camouflage 1, gelatinous body 1, (nimble swimmer 1), tentacles
a: Begin Untransformation, Renounce Religion, Recall Ancestor, Ancestor
Identity, Transference


You were on level 6 of the Dungeon.
You worshipped Hepliaklqana.
Hepliaklqana was most pleased with you.
You were a hulking beast.
You visited 1 branch of the dungeon, and saw 6 of its levels.
You also visited: Sewer.

You collected 319 gold pieces.

Inventory:

Hand Weapons
 k - a +0 sling
Missiles
 A - 6 boomerangs (quivered)
 C - a throwing net
Armour
 v - a +0 buckler (worn)
Jewellery
 h - an amulet of faith
 s - a ring of flight (left tentacle)
Talismans
 b - a beast talisman
 c - a flux talisman
Wands
 r - a wand of roots (9)
Scrolls
 d - a scroll of butterflies {unknown}
 e - 2 scrolls of enchant armour {unknown}
 g - 7 scrolls of identify {unknown}
 i - 5 scrolls of teleportation {unknown}
 l - a scroll of noise {unknown}
 m - 2 scrolls of poison {unknown}
 o - a scroll of amnesia {unknown}
 q - 2 scrolls of enchant weapon {unknown}
 t - 2 scrolls of fear {unknown}
 y - a scroll of torment {unknown}
 D - a scroll of blinking {unknown}
Potions
 a - 2 potions of lignification
 f - 2 potions of might {unknown}
 j - 4 potions of heal wounds {unknown}
 n - 4 potions of curing {unknown}
 p - 3 potions of haste {unknown}
 u - 2 potions of degeneration {unknown}
 w - 3 potions of brilliance {unknown}
 x - 2 potions of magic {unknown}
 z - a potion of enlightenment {unknown}
 B - a potion of invisibility {unknown}


   Skills:
 + Level 4.4 Fighting
 + Level 2.5 Throwing
 - Level 4.0 Dodging
 + Level 3.5 Shields
 + Level 5.1 Unarmed Combat
 + Level 4.1 Invocations
 + Level 3.7 Evocations
 * Level 6.3 Shapeshifting


You had 8 spell levels left.
You didn't know any spells.
Your spell library contained the following spells:

 Spells                   Type           Power      Damage    Failure   Level
 Sandblast                Erth           0%         2d4       38%         1
 Passwall                 Erth           0%         N/A       77%         3
 Stone Arrow              Conj/Erth      0%         3d7       77%         3
 Brom's Barrelling Bould  Conj/Erth      0%         2d3       99%         4


Dungeon Overview and Level Annotations

Branches:
Dungeon (6/15)             Temple (0/1) D:6           Sewer (visited)

Altars:
Ashenzari
Hepliaklqana
Makhleb
Sif Muna
Zin


Innate Abilities, Weirdness & Mutations

You are a hulking beast.
Your limbs bulge with bestial killing power. (Slay +3)
Your life essence is reduced to manifest your ancestor. (-10% HP)
You cannot wear most types of armour.
You are amphibious.
You can wear up to eight rings at the same time.
Your skin changes colour to match your surroundings (Stealth+).
Your rubbery body absorbs attacks. (AC +1, EV +1)
((You are camouflaged when in or above water. (Stealth+)))
You have tentacles for arms and can constrict up to eight enemies at once.


Message History

Aim: an electric eel (46% to hit)
Your line of fire to the electric eel is blocked by a plant.
Unknown command.
The electric eel shoots out a bolt of lightning at you!
The bolt of electricity hits the plant!
The plant begins to die.
The bolt of electricity hits the plant!
The plant begins to die.
The bolt of electricity hits Shedsu-nefertum!
The bolt of electricity hits you!
The bolt of electricity hits Shedsu-nefertum.
A bolt of electricity appears from out of your range of vision.
What are your orders? t - Shout!
Orders for allies: a - Attack new target. p - Attack previous target. r - Retreat! s - Stop attacking. g - Guard the area. f - Follow me.
Anything else - Cancel.
Gang up on whom?
Press: ? - help, Dir - move target, f/p - electric eel
Aim: an electric eel Attack!
The electric eel shoots out a bolt of lightning at you!
The bolt of electricity hits the plant! x2
The bolt of electricity hits Shedsu-nefertum!
The bolt of electricity hits you!
Throw: 6 boomerangs
Press: ? - help, Q - select action, (/) - cycle Shift-Dir - straight line, f/p - electric eel
Aim: an electric eel (ally target, 46% to hit)
Your line of fire to the electric eel is blocked by a plant.
Unknown command.
An electric eel is nearby!
A nearby plant withers and dies.
The electric eel shoots out a bolt of lightning at you!
The bolt of electricity hits the plant!
The bolt of electricity misses Shedsu-nefertum.
The bolt of electricity hits you!
The electric eel shoots out a bolt of lightning at you!
The bolt of electricity hits Shedsu-nefertum!
Shedsu-nefertum is destroyed!
The bolt of electricity hits you!
You die...

####### ##~~~..### #####
##~####h~~#####>..##
#†##..'##~~)..##...#
#.#.....#####..#...#
#.#.....##..'###...#
#~#.~.~~#.... #...#####
#~#.P~.$#.....#...##...#
#~#S.!?.#.S.P.#....#....
#~#S≈S≈S#SSPP)#....#....
#~##≈≈≈##~(.(.#....#.>..


You could see 3 electric eels.

Vanquished Creatures
  A water moccasin (D:6)
  A sky beast (D:6)
  A black bear (D:4)
  An orc warrior (D:6)
  A lemure (D:6)
  A phantom (D:5)
  Blork the orc (D:4)
  A bullfrog (D:6)
  A scorpion (D:4)
  A howler monkey (D:4)
  An orc priest (D:6)
  3 hounds
  A jelly (D:6)
  An iguana (D:5)
  7 adders
  A white imp (D:6)
  An ufetubus (D:5)
  5 dart slugs
  4 ribbon worms
  9 orcs
  7 ball pythons
  10 endoplasms
  7 giant cockroaches
  8 goblins
  3 hobgoblins
  9 jackals
  5 kobolds
  5 quokkas
  5 bats (D:1)
  7 frilled lizards
  7 rats
116 creatures vanquished.

Vanquished Creatures (collateral kills)
  Pikel (D:6)
  A sky beast (D:6)
  An ogre (D:4)
  A lemure (D:6)
  A scorpion (D:4)
  A bombardier beetle (D:4)
  2 jellies (Sewer)
  Ijyb (D:3)
  An iguana (D:5)
  An orc wizard (D:4)
  A river rat (Sewer)
  4 adders
  2 dart slugs (D:5)
  4 orcs
  2 ball pythons (Sewer)
  4 endoplasms
  6 giant cockroaches
  A goblin (D:3)
  A jackal (D:2)
  3 quokkas (D:4)
  A frilled lizard (Sewer)
  2 kobolds (D:4)
  3 rats
45 creatures vanquished.

Vanquished Creatures (others)
  An orc wizard (D:5)
  5 battlemagi
6 creatures vanquished.

Grand Total: 167 creatures vanquished

Notes
Turn   | Place    | Note
-------+----------+-------------------------------------------
     0 | D:1      | LeprechaunX the Octopode Shapeshifter began the quest for
                  | the Orb.
     0 | D:1      | Reached XP level 1. HP: 13/13 MP: 1/1
    66 | D:1      | Reached XP level 2. HP: 18/18 MP: 2/2
   292 | D:1      | Reached XP level 3. HP: 23/23 MP: 3/3
   671 | D:1      | Found a faded altar of an unknown god.
   692 | D:1      | Prayed at the altar of an unknown god.
   692 | D:1      | Became a worshipper of Hepliaklqana the Forgotten
   692 | D:1      | Reached * piety under Hepliaklqana
   920 | D:2      | Reached XP level 4. HP: 26/26 MP: 4/4
  1533 | D:3      | Reached ** piety under Hepliaklqana
  1534 | D:3      | Remembered your ancestor Shedsu-nefertum as a battlemage
  1536 | D:3      | Noticed Ijyb
  1547 | D:3      | HP: 1/26 [constriction (5)]
  1548 | D:3      | Killed Ijyb
  1549 | D:3      | Reached skill level 1 in Invocations
  1549 | D:3      | Reached skill level 4 in Shapeshifting
  1549 | D:3      | Reached XP level 5. HP: 1/30 MP: 5/5
  2286 | D:4      | Found a glowing drain.
  2307 | Sewer    | Entered a sewer
  2418 | Sewer    | Reached XP level 6. HP: 21/36 MP: 7/7
  2433 | Sewer    | Reached skill level 1 in Evocations
  2529 | Sewer    | Found a viscous altar of Jiyva.
  2735 | D:4      | Found a shimmering blue altar of Sif Muna.
  2849 | D:4      | Noticed Blork the orc
  2854 | D:4      | Reached skill level 1 in Shields
  2854 | D:4      | Reached XP level 7. HP: 40/40 MP: 8/8
  2858 | D:4      | Killed Blork the orc
  3000 | D:4      | Found a glowing silver altar of Zin.
  3043 | D:4      | Reached skill level 5 in Shapeshifting
  3478 | D:4      | Identified the +2 robe "Zethrod" {*Slow Will++ Int+2}
  3572 | D:4      | Reached XP level 8. HP: 46/46 MP: 10/10
  3632 | D:5      | Entered Level 5 of the Dungeon
  3908 | D:5      | Reached *** piety under Hepliaklqana
  4632 | D:6      | Noticed Pikel
  4774 | D:6      | Found a broken altar of Ashenzari.
  4785 | D:6      | Killed Pikel
  4786 | D:6      | Reached skill level 1 in Throwing
  4879 | D:6      | Reached skill level 6 in Shapeshifting
  4879 | D:6      | Found a staircase to the Ecumenical Temple.
  4939 | D:6      | Reached XP level 9. HP: 18/52 MP: 11/11
  5078 | D:6      | Found a burning altar of Makhleb.
  5085 | D:6      | Reached skill level 5 in Unarmed Combat
  5630 | D:6      | Killed from afar by an electric eel

Illustrated notes

Levels and vault maps discovered:
D:1:      heliophobic_arrival_dark_side_of_the_moon, layout_loops_ring,
          shapermc_ecumenical_altar_gd
D:2:      layout_rooms, eino_tiny_chamber
D:3:      layout_rooms, uniq_ijyb
D:4:      layout_basic, lemuel_doored_altar, mainiacjoe_overflow_24_doors,
          portal_sewer_entry_f, feat_on_display, uniq_blork_the_orc
D:5:      layout_basic, hangedman_abyss_or_decor_stabs, st_stairs_11
D:6:      cheibrodos_two_vegetables, layout_gridville,
          lemuel_coloured_pillars_altar, lemuel_crystal_altar,
          minmay_temple_entry_antechambers, uniq_pikel

Skill      XL: |  1  2  3  4  5  6  7  8  9 |
---------------+----------------------------+-----
Fighting       | 2 3 4 |  4.4
Invocations    | 1 2 3 4 |  4.1
Shapeshifting  | 4 5 6 |  6.3
Dodging        | 3 4 |  4.0
Evocations     | 1 2 3 |  3.7
Shields        | 1 2 3 |  3.5
Unarmed Combat | 4 5 |  5.1
Throwing       | 2 |  2.5

Action                     |  1- 3 |  4- 6 |  7- 9 || total
---------------------------+-------+-------+-------++-------
  Melee: Unarmed           |    68 |   106 |    83 ||   257
         Constrict         |    17 |    26 |    21 ||    64
         Tentacles         |     9 |    16 |    17 ||    42
         Punch             |     1 |     3 |     3 ||     7
  Throw: Boomerang         |       |       |     8 ||     8
 Invoke: Ancestor Life: Ba |       |     1 |       ||     1
   Stab: Sleeping          |     6 |     5 |     1 ||    12
         Distracted        |       |     2 |     1 ||     3
 Armour: Skin              |    27 |    36 |    57 ||   120
  Dodge: Dodged            |    50 |    44 |    41 ||   135
  Block: Buckler           |       |     5 |    14 ||    19

Table legend: (Time is in decaauts)
 A = Elapsed time spent in this place.
 B = Non-inter-level travel time spent in this place.
 C = Inter-level travel time spent in this place.
 D = Time resting spent in this place.
 E = Time spent auto-exploring this place.
 F = Levels seen in this place.
 G = Mean time per level.
                   A        B        C        D        E       F      G
               +--------+--------+--------+--------+--------+-----+--------+
         Total |   5620 |   5311 |    309 |    637 |   3839 |   7 |  802.9 |
       Dungeon |   5291 |   4982 |    309 |    630 |   3618 |   6 |  881.8 |
         Sewer |    329 |    329 |      0 |      7 |    221 |   1 |  329.0 |
               +--------+--------+--------+--------+--------+-----+--------+

Top non-repeatable levels by time:
     D:5: 1078 daAuts
     D:4: 1031 daAuts
     D:6: 919 daAuts
     D:1: 881 daAuts
     D:3: 815 daAuts
     D:2: 564 daAuts
   Sewer: 329 daAuts
